[ AOE2 MATCH · #480500652 ]
UnrankedBohemians vs Koreans
Player's team · LOSS
[ REPLAY ANALYSIS · EXTRACTED FROM THE RECORDED GAME ]
Feudal
13:51
Castle
18:43
Imperial
36:02
| APM avg | 31.5 |
| APM peak | 73 |
| eAPM avg | 12.5 |
| Villagers / military | 112 / 1711 |
Focus
⚔️ 49.5% · 🌾 50.5%
Spearman ×1541 · Hussite Wagon ×69 · Bombard Cannon ×64 · Trade Cart ×36 · Knight ×35 · Trebuchet (Packed) ×2
Feudal
13:44
Castle
25:48
Imperial
44:26
| APM avg | 29.6 |
| APM peak | 109 |
| eAPM avg | 15.5 |
| Villagers / military | 211 / 635 |
Focus
⚔️ 39.0% · 🌾 61.0%
Scout Cavalry ×187 · Archer ×179 · Skirmisher ×110 · War Wagon ×65 · Trade Cart ×40 · Hand Cannoneer ×26
Feudal
11:24
Castle
19:34
Imperial
32:08
| APM avg | 27.6 |
| APM peak | 70 |
| eAPM avg | 22.3 |
| Villagers / military | 189 / 1164 |
Focus
⚔️ 63.7% · 🌾 36.3%
Spearman ×651 · Scout Cavalry ×372 · Knight ×95 · Mangonel ×39 · Trade Cart ×7 · Trebuchet (Packed) ×6
Feudal
15:20
Castle
21:08
Imperial
37:06
| APM avg | 27.8 |
| APM peak | 70 |
| eAPM avg | 13.1 |
| Villagers / military | 137 / 1326 |
Focus
⚔️ 44.5% · 🌾 55.5%
Militia ×611 · Centurion ×562 · Scorpion ×139 · Trade Cart ×57 · Trebuchet (Packed) ×11 · Monk ×3
Feudal
11:23
Castle
19:54
Imperial
31:20
| APM avg | 19.3 |
| APM peak | 48 |
| eAPM avg | 12.4 |
| Villagers / military | 103 / 1604 |
Focus
⚔️ 50.1% · 🌾 49.9%
Longbowman ×1003 · Spearman ×584 · Trade Cart ×32 · Trebuchet (Packed) ×12 · Monk ×5
Feudal
11:52
Castle
22:31
Imperial
27:21
| APM avg | 63.1 |
| APM peak | 171 |
| eAPM avg | 41.4 |
| Villagers / military | 131 / 1068 |
Focus
⚔️ 37.1% · 🌾 62.9%
Spearman ×811 · Skirmisher ×163 · Bombard Cannon ×94 · Trade Cart ×21
Match map
Initial resources + every placement click. Lines = walls · curves = elevation contours. ◆ gold · ⬟ stone · ● berries · ✦ relic · ◌ wall gap
Inputs per minute
— The Bear Jew - - roygbiv
Build order — The Bear Jew
First 150 of 689 actions detected
| 0:02 | Create | Villager (Male) |
| 0:02 | Create | Villager (Male) |
| 0:03 | Create | Villager (Male) |
| 0:05 | Build | House |
| 0:07 | Build | House |
| 0:46 | Build | House |
| 1:06 | Create | Villager (Male) |
| 1:07 | Research | Loom |
| 2:04 | Create | Villager (Male) |
| 2:41 | Create | Villager (Male) |
| 2:41 | Create | Villager (Male) |
| 4:12 | Create | Villager (Male) |
| 4:12 | Create | Villager (Male) |
| 4:13 | Create | Villager (Male) |
| 5:24 | Create | Villager (Male) |
| 5:28 | Create | Villager (Male) |
| 6:31 | Build | House |
| 6:34 | Build | House |
| 6:40 | Create | Villager (Male) |
| 6:40 | Create | Villager (Male) |
| 6:50 | Create | Villager (Male) |
| 7:06 | Build | Lumber Camp |
| 7:48 | Build | Mill |
| 7:54 | Create | Villager (Male) |
| 8:18 | Build | Mining Camp |
| 8:31 | Create | Villager (Male) |
| 9:07 | Create | Villager (Male) |
| 9:21 | Create | Villager (Male) |
| 9:37 | Create | Villager (Male) |
| 10:47 | Build | House |
| 10:51 | Create | Villager (Male) |
| 10:51 | Create | Villager (Male) |
| 11:01 | Create | Villager (Male) |
| 11:17 | Research | Feudal Age |
| 11:24 | Build | Mining Camp |
| 11:29 | Build | Farm |
| 12:00 | Build | Mining Camp |
| 12:35 | Create | Villager (Male) |
| 12:37 | Create | Villager (Male) |
| 13:01 | Create | Villager (Male) |
| 13:51 | Age | Feudal Age |
| 13:51 | Build | Barracks |
| 13:59 | Research | Double-Bit Axe |
| 14:04 | Build | Blacksmith |
| 14:10 | Build | Market |
| 14:16 | Create | Villager (Male) |
| 15:22 | Build | Stone Wall |
| 16:03 | Research | Castle Age |
| 16:45 | Build | Stone Wall |
| 16:57 | Build | Stone Wall |
| 17:11 | Create | Villager (Male) |
| 17:15 | Create | Villager (Male) |
| 17:25 | Research | Horse Collar |
| 18:03 | Build | Farm |
| 18:04 | Build | Farm |
| 18:05 | Build | Farm |
| 18:06 | Build | Farm |
| 18:08 | Build | Farm |
| 18:09 | Build | Farm |
| 18:13 | Build | Farm |
| 18:13 | Build | Farm |
| 18:14 | Build | Farm |
| 18:15 | Build | Farm |
| 18:15 | Build | Farm |
| 18:22 | Build | Farm |
| 18:33 | Build | House |
| 18:43 | Age | Castle Age |
| 19:03 | Research | Bow Saw |
| 19:34 | Create | Villager (Male) |
| 19:41 | Create | Villager (Male) |
| 20:10 | Build | Building 673 |
| 20:15 | Create | Villager (Male) |
| 20:20 | Build | Town Center |
| 20:30 | Create | Villager (Male) |
| 20:37 | Build | House |
| 20:39 | Build | House |
| 20:41 | Build | House |
| 20:42 | Build | House |
| 20:43 | Build | House |
| 20:58 | Create | Villager (Male) |
| 21:31 | Build | House |
| 21:35 | Create | Villager (Male) |
| 22:00 | Create | Villager (Male) |
| 22:04 | Build | Town Center |
| 22:12 | Create | Villager (Male) |
| 22:20 | Research | Wheelbarrow |
| 22:22 | Create | Villager (Male) |
| 22:22 | Create | Villager (Male) |
| 22:37 | Create | Villager (Male) |
| 23:04 | Build | Town Center |
| 23:10 | Build | Farm |
| 23:13 | Create | Villager (Male) |
| 23:14 | Create | Villager (Male) |
| 23:20 | Create | Villager (Male) |
| 23:25 | Research | Heavy Plow |
| 23:28 | Create | Villager (Male) |
| 23:28 | Create | Villager (Male) |
| 23:47 | Build | Farm |
| 23:52 | Build | Farm |
| 23:54 | Create | Villager (Male) |
| 23:58 | Create | Villager (Male) |
| 23:59 | Create | Villager (Male) |
| 24:05 | Build | Farm |
| 24:31 | Build | Siege Workshop |
| 24:39 | Build | Farm |
| 24:41 | Create | Villager (Male) |
| 24:44 | Build | Farm |
| 24:51 | Create | Villager (Male) |
| 24:53 | Create | Villager (Male) |
| 25:00 | Create | Villager (Male) |
| 25:01 | Create | Villager (Male) |
| 25:04 | Create | Villager (Male) |
| 25:10 | Build | House |
| 25:26 | Build | House |
| 25:28 | Build | House |
| 25:29 | Build | House |
| 25:31 | Build | House |
| 25:32 | Build | House |
| 25:39 | Create | Villager (Male) |
| 25:40 | Create | Villager (Male) |
| 25:42 | Build | Farm |
| 25:46 | Build | Farm |
| 25:53 | Create | Villager (Male) |
| 25:55 | Build | Farm |
| 25:57 | Build | Farm |
| 26:06 | Create | Villager (Male) |
| 26:09 | Create | Villager (Male) |
| 26:09 | Create | Villager (Male) |
| 26:10 | Create | Villager (Male) |
| 26:11 | Create | Villager (Male) |
| 26:12 | Create | Villager (Male) |
| 26:18 | Build | Farm |
| 26:21 | Create | Villager (Male) |
| 26:29 | Research | Town Watch |
| 26:42 | Build | Farm |
| 26:49 | Build | Farm |
| 26:53 | Create | Villager (Male) |
| 27:10 | Build | Siege Workshop |
| 27:15 | Build | Farm |
| 27:22 | Research | Hand Cart |
| 27:31 | Build | Farm |
| 27:34 | Build | Farm |
| 27:35 | Build | Farm |
| 27:44 | Build | Barracks |
| 27:46 | Build | Barracks |
| 27:49 | Build | Barracks |
| 27:52 | Research | Squires |
| 27:53 | Research | Pikeman (upgrade) |
| 28:00 | Research | Forging |
| 28:01 | Research | Scale Mail Armor |
Build order — roygbiv
First 150 of 877 actions detected
| 0:00 | Create | Villager (Male) |
| 0:01 | Create | Villager (Male) |
| 0:02 | Build | House |
| 0:04 | Build | House |
| 0:05 | Create | Villager (Male) |
| 0:05 | Create | Villager (Male) |
| 0:05 | Create | Villager (Male) |
| 1:44 | Create | Villager (Male) |
| 2:20 | Create | Villager (Male) |
| 2:49 | Create | Villager (Male) |
| 2:49 | Create | Villager (Male) |
| 3:19 | Research | Loom |
| 3:53 | Create | Villager (Male) |
| 4:12 | Create | Villager (Male) |
| 4:31 | Build | House |
| 6:45 | Build | House |
| 6:57 | Create | Villager (Male) |
| 6:57 | Create | Villager (Male) |
| 6:58 | Create | Villager (Male) |
| 6:58 | Create | Villager (Male) |
| 6:58 | Create | Villager (Male) |
| 6:59 | Create | Villager (Male) |
| 7:47 | Build | Lumber Camp |
| 7:57 | Create | Villager (Male) |
| 7:58 | Create | Villager (Male) |
| 7:58 | Create | Villager (Male) |
| 8:24 | Create | Villager (Male) |
| 8:25 | Create | Villager (Male) |
| 8:25 | Create | Villager (Male) |
| 9:20 | Build | Mill |
| 9:39 | Create | Villager (Male) |
| 10:39 | Create | Villager (Male) |
| 11:34 | Research | Feudal Age |
| 11:35 | Research | Feudal Age |
| 11:54 | Build | Mining Camp |
| 12:32 | Create | Villager (Male) |
| 12:32 | Create | Villager (Male) |
| 13:23 | Create | Villager (Male) |
| 13:44 | Age | Feudal Age |
| 13:51 | Build | Watch Tower |
| 14:10 | Create | Villager (Male) |
| 14:10 | Create | Villager (Male) |
| 14:39 | Build | Mining Camp |
| 14:53 | Create | Villager (Male) |
| 15:11 | Build | House |
| 16:02 | Create | Villager (Male) |
| 16:02 | Create | Villager (Male) |
| 16:03 | Create | Villager (Male) |
| 16:16 | Create | Villager (Male) |
| 16:16 | Create | Villager (Male) |
| 16:21 | Research | Double-Bit Axe |
| 16:51 | Build | Barracks |
| 16:59 | Create | Villager (Male) |
| 16:59 | Create | Villager (Male) |
| 17:25 | Build | House |
| 18:15 | Build | Archery Range |
| 18:45 | Build | Lumber Camp |
| 18:48 | Create | Villager (Male) |
| 19:18 | Build | Mining Camp |
| 19:25 | Build | Farm |
| 19:25 | Build | Farm |
| 19:25 | Build | Farm |
| 19:25 | Build | Farm |
| 19:32 | Build | Farm |
| 19:32 | Build | Farm |
| 19:32 | Build | Farm |
| 20:06 | Create | Villager (Male) |
| 20:16 | Build | House |
| 20:20 | Build | Farm |
| 20:27 | Build | Farm |
| 20:58 | Research | Horse Collar |
| 21:05 | Research | Gold Mining |
| 21:42 | Build | Market |
| 22:06 | Build | Market |
| 22:58 | Build | Farm |
| 22:58 | Build | Farm |
| 22:59 | Build | Farm |
| 22:59 | Build | Farm |
| 22:59 | Build | Farm |
| 23:00 | Build | Farm |
| 23:08 | Research | Castle Age |
| 23:08 | Research | Castle Age |
| 23:46 | Build | Farm |
| 23:46 | Build | Farm |
| 23:47 | Build | Farm |
| 23:47 | Build | Farm |
| 24:01 | Build | Archery Range |
| 24:11 | Create | Archer |
| 24:11 | Create | Archer |
| 24:12 | Create | Archer |
| 24:12 | Create | Archer |
| 25:17 | Build | Archery Range |
| 25:23 | Create | Skirmisher |
| 25:26 | Create | Archer |
| 25:26 | Create | Villager (Male) |
| 25:26 | Create | Villager (Male) |
| 25:27 | Create | Villager (Male) |
| 25:27 | Create | Villager (Male) |
| 25:27 | Create | Villager (Male) |
| 25:48 | Age | Castle Age |
| 26:00 | Create | Skirmisher |
| 26:01 | Create | Skirmisher |
| 26:01 | Create | Skirmisher |
| 26:01 | Create | Skirmisher |
| 26:17 | Build | House |
| 26:19 | Build | House |
| 26:20 | Build | House |
| 26:21 | Build | House |
| 26:22 | Build | House |
| 26:28 | Research | Bow Saw |
| 26:39 | Build | Town Center |
| 26:44 | Research | Gold Shaft Mining |
| 26:50 | Research | Heavy Plow |
| 26:51 | Create | Villager (Male) |
| 26:51 | Create | Villager (Male) |
| 26:57 | Create | Skirmisher |
| 26:57 | Create | Skirmisher |
| 26:57 | Create | Skirmisher |
| 26:57 | Create | Skirmisher |
| 27:26 | Create | Villager (Male) |
| 27:26 | Create | Villager (Male) |
| 27:27 | Create | Villager (Male) |
| 27:27 | Create | Villager (Male) |
| 27:30 | Create | Villager (Male) |
| 27:39 | Create | Villager (Male) |
| 27:53 | Create | Villager (Male) |
| 27:54 | Create | Villager (Male) |
| 28:09 | Build | Mining Camp |
| 28:31 | Build | Castle |
| 29:06 | Build | Castle |
| 29:09 | Create | Villager (Male) |
| 29:14 | Research | Elite Skirmisher (upgrade) |
| 29:15 | Create | Skirmisher |
| 29:15 | Create | Skirmisher |
| 29:15 | Create | Skirmisher |
| 29:15 | Create | Skirmisher |
| 29:16 | Create | Skirmisher |
| 29:16 | Create | Skirmisher |
| 29:24 | Create | Villager (Male) |
| 29:45 | Build | Castle |
| 29:48 | Create | Villager (Male) |
| 29:53 | Build | Farm |
| 29:54 | Build | Farm |
| 29:54 | Build | Farm |
| 30:00 | Build | Farm |
| 30:57 | Research | Thumb Ring |
| 31:14 | Create | Villager (Male) |
| 31:14 | Create | Villager (Male) |
| 31:14 | Create | Villager (Male) |
| 31:15 | Create | Villager (Male) |
Build order — Goroez
First 150 of 1601 actions detected
| 0:02 | Create | Villager (Male) |
| 0:02 | Create | Villager (Male) |
| 0:02 | Create | Villager (Male) |
| 0:04 | Build | House |
| 0:07 | Build | House |
| 0:19 | Create | Villager (Male) |
| 1:26 | Create | Villager (Male) |
| 1:26 | Create | Villager (Male) |
| 1:57 | Build | Lumber Camp |
| 2:01 | Create | Villager (Male) |
| 2:20 | Create | Villager (Male) |
| 2:49 | Create | Villager (Male) |
| 3:09 | Create | Villager (Male) |
| 3:23 | Research | Loom |
| 3:41 | Create | Villager (Male) |
| 3:57 | Create | Villager (Male) |
| 4:01 | Build | Mill |
| 4:41 | Build | House |
| 4:57 | Create | Villager (Male) |
| 5:13 | Create | Villager (Male) |
| 5:39 | Create | Villager (Male) |
| 6:06 | Build | Mining Camp |
| 6:08 | Create | Villager (Male) |
| 6:25 | Create | Villager (Male) |
| 6:50 | Create | Villager (Male) |
| 6:57 | Build | House |
| 7:01 | Create | Villager (Male) |
| 7:19 | Create | Villager (Male) |
| 7:41 | Create | Villager (Male) |
| 8:02 | Create | Villager (Male) |
| 8:29 | Build | Farm |
| 9:11 | Research | Feudal Age |
| 9:20 | Build | House |
| 9:41 | Build | Farm |
| 9:53 | Build | House |
| 9:58 | Build | Farm |
| 10:08 | Create | Villager (Male) |
| 10:23 | Build | House |
| 10:41 | Build | Mining Camp |
| 11:24 | Age | Feudal Age |
| 11:26 | Create | Villager (Male) |
| 11:29 | Research | Double-Bit Axe |
| 11:36 | Research | Town Watch |
| 11:36 | Create | Villager (Male) |
| 11:37 | Create | Villager (Male) |
| 12:50 | Create | Villager (Male) |
| 12:57 | Build | Market |
| 13:13 | Build | House |
| 13:28 | Build | Blacksmith |
| 13:32 | Build | Farm |
| 13:34 | Create | Villager (Male) |
| 13:35 | Create | Villager (Male) |
| 14:00 | Create | Villager (Male) |
| 14:17 | Create | Villager (Male) |
| 14:37 | Create | Villager (Male) |
| 14:44 | Build | Mill |
| 14:56 | Build | Lumber Camp |
| 15:08 | Create | Villager (Male) |
| 15:13 | Build | Farm |
| 15:23 | Build | Farm |
| 15:31 | Build | Farm |
| 15:33 | Create | Villager (Male) |
| 16:27 | Create | Villager (Male) |
| 16:35 | Build | Farm |
| 16:49 | Research | Castle Age |
| 17:01 | Build | Barracks |
| 17:28 | Create | Villager (Male) |
| 17:45 | Build | Stone Wall |
| 17:49 | Create | Villager (Male) |
| 18:15 | Create | Villager (Male) |
| 18:21 | Research | Horse Collar |
| 18:45 | Create | Villager (Male) |
| 19:34 | Age | Castle Age |
| 19:37 | Build | Town Center |
| 19:40 | Create | Villager (Male) |
| 19:43 | Research | Wheelbarrow |
| 19:55 | Build | Town Center |
| 19:57 | Create | Villager (Male) |
| 20:18 | Build | Town Center |
| 20:26 | Create | Villager (Male) |
| 20:40 | Create | Villager (Male) |
| 21:04 | Build | Castle |
| 21:19 | Create | Villager (Male) |
| 21:28 | Build | Palisade Gate |
| 21:39 | Build | Building 487 |
| 21:48 | Create | Villager (Male) |
| 21:52 | Create | Villager (Male) |
| 21:58 | Create | Villager (Male) |
| 21:58 | Create | Villager (Male) |
| 22:03 | Create | Villager (Male) |
| 22:18 | Build | Mining Camp |
| 22:33 | Create | Villager (Male) |
| 22:36 | Research | Hand Cart |
| 22:39 | Create | Villager (Male) |
| 22:46 | Research | Bow Saw |
| 22:49 | Create | Villager (Male) |
| 22:56 | Research | Fletching |
| 23:15 | Build | Mining Camp |
| 23:17 | Create | Villager (Male) |
| 23:39 | Build | Farm |
| 23:40 | Build | Farm |
| 23:41 | Build | Farm |
| 23:42 | Build | Farm |
| 23:51 | Research | Heavy Plow |
| 24:15 | Create | Villager (Male) |
| 24:30 | Build | Mining Camp |
| 24:32 | Create | Villager (Male) |
| 24:43 | Build | Town Center |
| 24:46 | Create | Villager (Male) |
| 24:58 | Build | Town Center |
| 25:01 | Create | Villager (Male) |
| 25:04 | Create | Villager (Male) |
| 25:06 | Create | Villager (Male) |
| 25:28 | Create | Villager (Male) |
| 25:36 | Create | Villager (Male) |
| 25:39 | Create | Villager (Male) |
| 25:46 | Create | Villager (Male) |
| 25:52 | Create | Villager (Male) |
| 25:54 | Create | Villager (Male) |
| 26:25 | Create | Villager (Male) |
| 26:35 | Research | Forging |
| 26:43 | Build | Farm |
| 26:44 | Build | Farm |
| 26:44 | Build | Farm |
| 26:45 | Build | Farm |
| 26:46 | Build | Farm |
| 26:49 | Create | Villager (Male) |
| 26:50 | Create | Villager (Male) |
| 27:02 | Create | Villager (Male) |
| 27:30 | Build | Mining Camp |
| 27:49 | Build | Siege Workshop |
| 27:52 | Create | Villager (Male) |
| 27:58 | Build | Farm |
| 28:10 | Build | Farm |
| 28:12 | Create | Villager (Male) |
| 28:22 | Build | Farm |
| 28:22 | Build | Farm |
| 28:23 | Build | Farm |
| 28:33 | Build | Farm |
| 28:47 | Build | Farm |
| 28:48 | Build | Farm |
| 28:49 | Build | Farm |
| 28:49 | Build | Farm |
| 28:50 | Build | Farm |
| 28:58 | Research | Imperial Age |
| 29:04 | Create | Villager (Male) |
| 29:19 | Build | Barracks |
| 29:20 | Research | Pikeman (upgrade) |
| 29:24 | Research | Arson |
| 29:45 | Research | Gold Mining |
Build order — F1r3duck
First 150 of 717 actions detected
| 0:03 | Create | Villager (Male) ×4 |
| 0:03 | Create | Villager (Male) ×4 |
| 0:07 | Build | House |
| 0:10 | Build | House |
| 2:04 | Create | Villager (Male) |
| 2:55 | Build | Palisade Wall |
| 2:59 | Create | Villager (Male) ×2 |
| 2:59 | Create | Villager (Male) ×2 |
| 3:11 | Create | Villager (Male) |
| 3:43 | Create | Villager (Male) |
| 3:44 | Create | Villager (Male) |
| 4:30 | Create | Villager (Male) |
| 4:41 | Build | Lumber Camp |
| 4:44 | Create | Villager (Male) |
| 4:44 | Create | Villager (Male) |
| 5:24 | Create | Villager (Male) |
| 5:46 | Build | House |
| 5:50 | Create | Villager (Male) |
| 6:12 | Build | House |
| 6:15 | Create | Villager (Male) |
| 6:15 | Create | Villager (Male) |
| 6:30 | Create | Villager (Male) |
| 6:30 | Create | Villager (Male) |
| 6:57 | Create | Villager (Male) |
| 6:57 | Create | Villager (Male) |
| 7:32 | Build | Mill |
| 7:35 | Create | Villager (Male) |
| 7:35 | Create | Villager (Male) |
| 7:51 | Create | Villager (Male) |
| 7:52 | Create | Villager (Male) |
| 8:09 | Build | Mining Camp |
| 8:50 | Create | Villager (Male) |
| 8:50 | Create | Villager (Male) |
| 9:10 | Create | Villager (Male) |
| 9:10 | Create | Villager (Male) |
| 9:37 | Create | Villager (Male) |
| 9:37 | Create | Villager (Male) |
| 9:37 | Create | Villager (Male) |
| 10:26 | Build | House |
| 10:27 | Build | House |
| 10:36 | Create | Villager (Male) |
| 10:37 | Create | Villager (Male) |
| 10:37 | Create | Villager (Male) |
| 10:45 | Build | House |
| 10:46 | Build | House |
| 10:47 | Build | House |
| 10:51 | Create | Villager (Male) |
| 10:51 | Create | Villager (Male) |
| 11:08 | Build | House |
| 11:16 | Create | Villager (Male) |
| 11:40 | Build | Farm |
| 11:48 | Build | House |
| 12:11 | Build | Farm |
| 12:30 | Build | Palisade Wall |
| 12:44 | Build | Farm |
| 12:52 | Research | Feudal Age |
| 12:53 | Research | Loom |
| 13:00 | Build | Farm |
| 13:22 | Build | House |
| 13:24 | Build | House |
| 13:35 | Build | Farm |
| 13:35 | Build | Farm |
| 13:35 | Build | Farm |
| 13:37 | Build | Farm |
| 13:37 | Build | Farm |
| 13:39 | Build | Farm |
| 13:39 | Build | Farm |
| 13:43 | Build | Farm |
| 13:45 | Build | Farm |
| 14:10 | Build | House |
| 14:18 | Build | House |
| 14:27 | Create | Villager (Male) |
| 14:27 | Create | Villager (Male) |
| 14:36 | Build | Mining Camp |
| 15:20 | Age | Feudal Age |
| 15:21 | Build | Barracks |
| 15:27 | Create | Villager (Male) |
| 15:28 | Create | Villager (Male) |
| 15:30 | Research | Horse Collar |
| 15:34 | Research | Double-Bit Axe |
| 15:57 | Create | Villager (Male) |
| 15:57 | Create | Villager (Male) |
| 16:21 | Build | Stone Wall |
| 16:29 | Build | Building 487 |
| 16:44 | Build | Stone Wall |
| 16:58 | Build | Stable |
| 17:25 | Research | Gold Mining |
| 17:40 | Build | Blacksmith |
| 17:46 | Build | Mining Camp |
| 18:19 | Build | Building 487 |
| 18:25 | Build | Farm |
| 18:28 | Research | Castle Age |
| 19:03 | Research | Wheelbarrow |
| 19:53 | Create | Villager (Male) |
| 19:53 | Create | Villager (Male) |
| 20:11 | Create | Villager (Male) |
| 20:12 | Create | Villager (Male) |
| 20:20 | Build | Farm |
| 20:20 | Build | Farm |
| 20:23 | Build | Farm |
| 21:08 | Age | Castle Age |
| 21:14 | Build | Town Center |
| 21:20 | Build | Farm |
| 21:25 | Create | Villager (Male) |
| 21:25 | Create | Villager (Male) |
| 21:40 | Build | House |
| 21:41 | Build | House |
| 21:43 | Build | House |
| 21:44 | Build | House |
| 21:45 | Build | House |
| 21:45 | Build | House |
| 21:46 | Build | House |
| 21:47 | Build | House |
| 21:48 | Build | House |
| 21:50 | Build | House |
| 22:51 | Create | Villager (Male) |
| 22:51 | Create | Villager (Male) |
| 22:51 | Create | Villager (Male) |
| 22:51 | Create | Villager (Male) |
| 22:52 | Create | Villager (Male) |
| 23:11 | Build | Lumber Camp |
| 23:59 | Create | Villager (Male) |
| 25:02 | Build | Town Center |
| 25:05 | Create | Villager (Male) |
| 25:06 | Create | Villager (Male) |
| 25:07 | Create | Villager (Male) |
| 25:07 | Create | Villager (Male) |
| 25:08 | Create | Villager (Male) |
| 25:08 | Create | Villager (Male) |
| 25:08 | Create | Villager (Male) |
| 25:23 | Create | Villager (Male) |
| 25:23 | Create | Villager (Male) |
| 25:23 | Create | Villager (Male) |
| 25:26 | Build | Farm |
| 25:45 | Research | Bow Saw |
| 26:10 | Build | Mining Camp |
| 26:28 | Create | Villager (Male) |
| 26:29 | Create | Villager (Male) |
| 26:29 | Create | Villager (Male) |
| 26:29 | Create | Villager (Male) |
| 26:29 | Create | Villager (Male) |
| 26:29 | Create | Villager (Male) |
| 26:30 | Create | Villager (Male) |
| 26:42 | Create | Villager (Male) |
| 26:42 | Create | Villager (Male) |
| 26:54 | Create | Villager (Male) |
| 26:55 | Create | Villager (Male) |
| 27:04 | Build | Town Center |
| 27:08 | Create | Villager (Male) |
| 27:08 | Create | Villager (Male) |
Build order — Basado Basadez
First 150 of 668 actions detected
| 0:03 | Create | Villager (Male) |
| 0:04 | Create | Villager (Male) |
| 0:04 | Create | Villager (Male) |
| 0:04 | Create | Villager (Male) |
| 0:07 | Build | House |
| 1:21 | Research | Loom |
| 1:21 | Create | Villager (Male) |
| 1:28 | Build | House |
| 1:55 | Create | Villager (Male) |
| 2:32 | Create | Villager (Male) |
| 3:03 | Create | Villager (Male) |
| 3:36 | Create | Villager (Male) |
| 3:49 | Create | Villager (Male) |
| 4:20 | Build | House |
| 4:25 | Build | Lumber Camp |
| 4:29 | Create | Villager (Male) |
| 4:46 | Create | Villager (Male) |
| 4:46 | Create | Villager (Male) |
| 5:05 | Create | Villager (Male) |
| 5:39 | Create | Villager (Male) |
| 6:00 | Build | Mill |
| 6:12 | Create | Villager (Male) |
| 6:36 | Build | House |
| 6:40 | Create | Villager (Male) |
| 7:28 | Create | Villager (Male) |
| 7:56 | Create | Villager (Male) |
| 7:56 | Create | Villager (Male) |
| 8:05 | Build | House |
| 8:45 | Create | Villager (Male) |
| 8:56 | Build | Mill |
| 9:00 | Research | Feudal Age |
| 9:29 | Build | Mining Camp |
| 10:08 | Create | Villager (Male) |
| 10:08 | Create | Villager (Male) |
| 10:08 | Create | Villager (Male) |
| 10:09 | Create | Villager (Male) |
| 10:38 | Build | House |
| 11:23 | Age | Feudal Age |
| 11:38 | Build | Market |
| 11:49 | Build | Blacksmith |
| 12:10 | Research | Double-Bit Axe |
| 12:12 | Research | Horse Collar |
| 12:15 | Research | Gold Mining |
| 12:18 | Create | Villager (Male) |
| 12:18 | Create | Villager (Male) |
| 12:24 | Build | Farm |
| 12:36 | Build | Farm |
| 12:52 | Build | Farm |
| 13:11 | Build | Farm |
| 13:13 | Create | Villager (Male) |
| 13:13 | Create | Villager (Male) |
| 13:26 | Build | House |
| 13:53 | Create | Villager (Male) |
| 13:58 | Build | Farm |
| 14:31 | Build | Farm |
| 14:34 | Build | Farm |
| 14:42 | Build | Farm |
| 14:50 | Build | Farm |
| 14:53 | Create | Villager (Male) |
| 15:00 | Build | Farm |
| 15:10 | Build | Farm |
| 15:17 | Create | Villager (Male) |
| 15:17 | Create | Villager (Male) |
| 15:21 | Build | House |
| 15:32 | Build | House |
| 15:34 | Build | House |
| 15:58 | Build | Farm |
| 16:04 | Build | Farm |
| 16:09 | Create | Villager (Male) |
| 16:09 | Create | Villager (Male) |
| 16:15 | Build | Farm |
| 16:28 | Build | House |
| 16:40 | Build | Farm |
| 16:54 | Build | Farm |
| 16:55 | Build | Farm |
| 16:56 | Build | Farm |
| 17:03 | Build | Farm |
| 17:10 | Research | Castle Age |
| 17:15 | Build | Farm |
| 17:45 | Create | Trade Cart |
| 18:20 | Create | Villager (Male) |
| 18:20 | Create | Villager (Male) |
| 18:21 | Create | Villager (Male) |
| 18:21 | Create | Villager (Male) |
| 18:21 | Create | Villager (Male) |
| 19:00 | Create | Villager (Male) |
| 19:06 | Create | Trade Cart |
| 19:54 | Age | Castle Age |
| 19:57 | Build | Monastery |
| 20:18 | Build | Town Center |
| 20:25 | Create | Monk |
| 20:25 | Create | Monk |
| 20:25 | Create | Monk |
| 20:26 | Create | Monk |
| 21:53 | Build | Town Center |
| 22:03 | Create | Villager (Male) |
| 22:03 | Create | Villager (Male) |
| 22:09 | Create | Villager (Male) |
| 22:09 | Create | Villager (Male) |
| 22:09 | Create | Villager (Male) |
| 22:10 | Create | Villager (Male) |
| 22:10 | Create | Villager (Male) |
| 22:22 | Research | Bow Saw |
| 22:32 | Build | Lumber Camp |
| 22:54 | Research | Wheelbarrow |
| 22:55 | Create | Villager (Male) |
| 22:55 | Create | Villager (Male) |
| 23:03 | Research | Heavy Plow |
| 23:07 | Research | Gold Shaft Mining |
| 23:48 | Create | Villager (Male) |
| 23:48 | Create | Villager (Male) |
| 23:48 | Create | Villager (Male) |
| 23:48 | Create | Villager (Male) |
| 23:49 | Create | Villager (Male) |
| 23:49 | Create | Villager (Male) |
| 24:48 | Create | Monk |
| 25:02 | Build | House |
| 25:05 | Build | House |
| 25:05 | Build | House |
| 25:07 | Build | House |
| 25:08 | Build | House |
| 25:09 | Build | House |
| 25:24 | Research | Town Watch |
| 25:26 | Create | Villager (Male) |
| 25:26 | Create | Villager (Male) |
| 25:26 | Create | Villager (Male) |
| 25:29 | Build | Farm |
| 25:42 | Build | Farm |
| 26:03 | Create | Villager (Male) |
| 26:03 | Create | Villager (Male) |
| 26:04 | Create | Villager (Male) |
| 26:06 | Research | Town Patrol |
| 26:10 | Build | Farm |
| 26:28 | Build | Lumber Camp |
| 26:32 | Create | Villager (Male) |
| 26:33 | Create | Villager (Male) |
| 26:33 | Create | Villager (Male) |
| 26:44 | Build | Castle |
| 27:19 | Research | Hand Cart |
| 27:20 | Create | Villager (Male) |
| 27:21 | Create | Villager (Male) |
| 27:21 | Create | Villager (Male) |
| 27:22 | Create | Villager (Male) |
| 27:56 | Build | Mining Camp |
| 28:00 | Research | Imperial Age |
| 28:03 | Create | Villager (Male) |
| 28:03 | Create | Villager (Male) |
| 28:13 | Create | Longbowman ×5 |
| 28:14 | Create | Longbowman ×3 |
| 28:26 | Create | Villager (Male) |
Build order — RyanPoulsgaard
First 150 of 567 actions detected
| 0:01 | Create | Villager (Male) |
| 0:02 | Create | Villager (Male) |
| 0:02 | Create | Villager (Male) |
| 0:02 | Create | Villager (Male) |
| 0:02 | Create | Villager (Male) |
| 0:04 | Build | House |
| 0:06 | Build | House |
| 1:27 | Create | Villager (Male) |
| 2:09 | Create | Villager (Male) |
| 2:34 | Create | Villager (Male) |
| 3:24 | Create | Villager (Male) |
| 3:25 | Create | Villager (Male) |
| 4:22 | Create | Villager (Male) |
| 4:26 | Build | Mill |
| 5:07 | Create | Villager (Male) |
| 5:19 | Create | Villager (Male) |
| 5:49 | Create | Villager (Male) |
| 6:04 | Create | Villager (Male) |
| 6:45 | Build | House |
| 7:03 | Create | Villager (Male) |
| 7:07 | Research | Loom |
| 7:10 | Create | Villager (Male) |
| 7:23 | Build | Lumber Camp |
| 7:43 | Create | Villager (Male) |
| 8:03 | Create | Villager (Male) |
| 8:35 | Build | House |
| 8:43 | Create | Villager (Male) |
| 8:59 | Create | Villager (Male) |
| 9:34 | Create | Villager (Male) |
| 9:37 | Research | Feudal Age |
| 9:41 | Research | Feudal Age |
| 9:44 | Create | Villager (Male) |
| 10:12 | Build | House |
| 10:42 | Build | Mining Camp |
| 11:18 | Create | Villager (Male) |
| 11:51 | Build | Barracks |
| 11:52 | Age | Feudal Age |
| 12:03 | Research | Double-Bit Axe |
| 12:28 | Create | Villager (Male) |
| 12:53 | Build | Archery Range |
| 12:56 | Create | Villager (Male) |
| 13:13 | Create | Villager (Male) |
| 13:36 | Create | Villager (Male) |
| 13:52 | Create | Skirmisher |
| 13:52 | Create | Skirmisher |
| 14:01 | Build | House |
| 14:07 | Create | Villager (Male) |
| 14:27 | Build | Blacksmith |
| 14:52 | Create | Villager (Male) |
| 15:02 | Build | Market |
| 15:24 | Build | Farm |
| 15:26 | Build | Farm |
| 15:30 | Research | Horse Collar |
| 15:38 | Build | Farm |
| 15:43 | Build | Farm |
| 15:46 | Create | Villager (Male) |
| 15:47 | Create | Villager (Male) |
| 16:12 | Build | Lumber Camp |
| 16:31 | Create | Villager (Male) |
| 16:36 | Build | House |
| 17:00 | Create | Villager (Male) |
| 17:17 | Build | Farm |
| 17:20 | Build | Farm |
| 17:24 | Build | Farm |
| 17:29 | Build | Farm |
| 17:31 | Create | Villager (Male) |
| 17:38 | Create | Villager (Male) |
| 18:01 | Build | Farm |
| 18:05 | Build | Farm |
| 18:10 | Create | Villager (Male) |
| 18:26 | Create | Villager (Male) |
| 18:38 | Build | House |
| 18:55 | Build | House |
| 19:06 | Create | Villager (Male) |
| 19:51 | Research | Castle Age |
| 19:56 | Create | Villager (Male) |
| 20:27 | Build | Mining Camp |
| 20:33 | Create | Villager (Male) |
| 21:11 | Build | Farm |
| 21:12 | Build | Farm |
| 21:12 | Build | Farm |
| 21:17 | Build | Farm |
| 21:18 | Build | Farm |
| 21:18 | Build | Farm |
| 21:41 | Build | Farm |
| 21:41 | Build | Farm |
| 21:49 | Build | Farm |
| 21:52 | Build | Farm |
| 22:31 | Age | Castle Age |
| 22:33 | Build | University |
| 23:04 | Build | Monastery |
| 23:10 | Create | Villager (Male) |
| 23:13 | Build | Farm |
| 23:34 | Build | Farm |
| 23:43 | Create | Villager (Male) |
| 24:07 | Research | Imperial Age |
| 24:36 | Research | Chemistry |
| 25:07 | Build | Siege Workshop |
| 25:17 | Build | Siege Workshop |
| 25:35 | Create | Villager (Male) |
| 25:36 | Create | Villager (Male) |
| 26:11 | Build | House |
| 27:21 | Age | Imperial Age |
| 27:22 | Create | Bombard Cannon |
| 27:29 | Create | Villager (Male) |
| 27:57 | Build | Town Center |
| 28:24 | Create | Villager (Male) |
| 28:37 | Build | Town Center |
| 28:59 | Create | Villager (Male) |
| 29:14 | Create | Villager (Male) |
| 29:19 | Create | Villager (Male) |
| 29:19 | Create | Villager (Male) |
| 29:20 | Create | Villager (Male) |
| 29:35 | Build | Farm |
| 30:20 | Build | Lumber Camp |
| 30:23 | Create | Villager (Male) |
| 30:23 | Create | Villager (Male) |
| 30:25 | Create | Villager (Male) |
| 30:25 | Create | Villager (Male) |
| 30:26 | Create | Villager (Male) |
| 30:26 | Create | Villager (Male) |
| 30:38 | Build | Farm |
| 30:49 | Research | Bow Saw |
| 30:52 | Create | Bombard Cannon |
| 30:55 | Create | Bombard Cannon |
| 31:01 | Build | Farm |
| 31:03 | Create | Villager (Male) |
| 31:04 | Create | Villager (Male) |
| 31:05 | Create | Villager (Male) |
| 31:07 | Create | Villager (Male) |
| 31:08 | Create | Villager (Male) |
| 31:09 | Create | Villager (Male) |
| 31:09 | Create | Villager (Male) |
| 31:13 | Research | Town Watch |
| 31:16 | Research | Wheelbarrow |
| 31:19 | Create | Villager (Male) |
| 31:19 | Create | Villager (Male) |
| 31:50 | Create | Villager (Male) |
| 32:00 | Research | Treadmill Crane |
| 32:08 | Research | Scale Mail Armor |
| 32:13 | Build | House |
| 32:19 | Build | House |
| 32:23 | Build | House |
| 32:24 | Build | House |
| 32:29 | Create | Villager (Male) |
| 32:30 | Create | Villager (Male) |
| 32:31 | Create | Villager (Male) |
| 32:33 | Create | Villager (Male) |
| 33:08 | Research | Heavy Plow |
| 33:10 | Research | Two-Man Saw |
Match timeline
| 2:55 | F1r3duck · wall_segment Palisade Wall x21 |
| 11:23 | Basado Basadez · age_up feudal |
| 11:24 | Goroez · age_up feudal |
| 11:51 | RyanPoulsgaard · first_building Barracks |
| 11:52 | RyanPoulsgaard · age_up feudal |
| 12:30 | F1r3duck · wall_segment Palisade Wall x7 |
| 12:53 | RyanPoulsgaard · first_building Archery Range |
| 13:44 | roygbiv · age_up feudal |
| 13:51 | The Bear Jew · age_up feudal |
| 13:51 | The Bear Jew · first_building Barracks |
| 15:20 | F1r3duck · age_up feudal |
| 15:21 | F1r3duck · first_building Barracks |
| 15:22 | The Bear Jew · wall_segment Stone Wall x9 |
| 16:21 | F1r3duck · wall_segment Stone Wall x17 |
| 16:44 | F1r3duck · wall_segment Stone Wall x10 |
| 16:45 | The Bear Jew · wall_segment Stone Wall x8 |
| 16:51 | roygbiv · first_building Barracks |
| 16:57 | The Bear Jew · wall_segment Stone Wall x6 |
| 16:58 | F1r3duck · first_building Stable |
| 17:01 | Goroez · first_building Barracks |
| 17:45 | Goroez · wall_segment Stone Wall x23 |
| 18:15 | roygbiv · first_building Archery Range |
| 18:43 | The Bear Jew · age_up castle |
| 19:34 | Goroez · age_up castle |
| 19:38 | RyanPoulsgaard · first_market_buy 100 food |
| 19:49 | RyanPoulsgaard · first_market_sell 100 wood |
| 19:54 | Basado Basadez · age_up castle |
| 19:57 | Basado Basadez · first_building Monastery |
| 20:38 | Goroez · first_market_buy 100 stone |
| 21:04 | Goroez · first_building Castle |
| 21:08 | F1r3duck · age_up castle |
| 22:31 | RyanPoulsgaard · age_up castle |
| 23:04 | RyanPoulsgaard · first_building Monastery |
| 24:31 | The Bear Jew · first_building Siege Workshop |
| 25:07 | RyanPoulsgaard · first_building Siege Workshop |
| 25:48 | roygbiv · age_up castle |
| 26:44 | Basado Basadez · first_building Castle |
| 27:21 | RyanPoulsgaard · age_up imperial |
| 27:49 | Goroez · first_building Siege Workshop |
| 28:31 | roygbiv · first_building Castle |
| 31:20 | Basado Basadez · age_up imperial |
| 31:44 | The Bear Jew · first_building Monastery |
| 32:08 | Goroez · age_up imperial |
| 32:22 | F1r3duck · first_building Monastery |
| 32:25 | Goroez · first_building Stable |
| 32:59 | F1r3duck · first_building Castle |
| 34:49 | F1r3duck · first_market_buy 100 food |
| 34:57 | The Bear Jew · first_building Castle |
| 35:17 | RyanPoulsgaard · first_building Castle |
| 36:02 | The Bear Jew · age_up imperial |
| 37:06 | F1r3duck · age_up imperial |
| 37:45 | F1r3duck · first_building Siege Workshop |
| 38:02 | Basado Basadez · first_building Barracks |
| 39:12 | Basado Basadez · first_building Archery Range |
| 39:15 | F1r3duck · wall_segment Stone Wall x8 |
| 42:38 | roygbiv · first_building Siege Workshop |
| 44:26 | roygbiv · age_up imperial |
| 44:39 | roygbiv · first_market_sell 100 wood |
| 54:31 | F1r3duck · first_market_sell 100 food |
| 58:26 | roygbiv · first_building Stable |
| 69:38 | roygbiv · wall_segment Stone Wall x10 |
| 69:48 | roygbiv · first_market_buy 100 stone |
| 70:04 | roygbiv · wall_segment Stone Wall x3 |
| 74:38 | Goroez · wall_segment Stone Wall x7 |
| 75:15 | Goroez · wall_segment Stone Wall x2 |
| 79:21 | roygbiv · tribute_sent a jugador 2 |
| 79:21 | roygbiv · tribute_sent a jugador 3 |
| 79:21 | roygbiv · tribute_sent a jugador 4 |
| 79:21 | roygbiv · tribute_sent a jugador 5 |
| 79:21 | roygbiv · tribute_sent a jugador 6 |
| 80:01 | Basado Basadez · tribute_sent a jugador 1 |
| 80:01 | Basado Basadez · tribute_sent a jugador 2 |
| 80:01 | Basado Basadez · tribute_sent a jugador 3 |
| 80:01 | Basado Basadez · tribute_sent a jugador 5 |
| 80:01 | Basado Basadez · tribute_sent a jugador 6 |
| 80:47 | The Bear Jew · first_market_sell 500 wood |
| 81:19 | Goroez · first_market_sell 100 wood |
| 84:48 | roygbiv · wall_segment Stone Wall x8 |
| 85:09 | Basado Basadez · tribute_sent a jugador 1 |
| 85:09 | Basado Basadez · tribute_sent a jugador 2 |
| 85:09 | Basado Basadez · tribute_sent a jugador 3 |
| 85:09 | Basado Basadez · tribute_sent a jugador 5 |
| 85:09 | Basado Basadez · tribute_sent a jugador 6 |
| 85:27 | The Bear Jew · tribute_sent a jugador 1 |
| 85:27 | The Bear Jew · tribute_sent a jugador 2 |
| 85:27 | The Bear Jew · tribute_sent a jugador 3 |
| 85:27 | The Bear Jew · tribute_sent a jugador 4 |
| 85:27 | The Bear Jew · tribute_sent a jugador 5 |
| 85:45 | The Bear Jew · tribute_sent a jugador 1 |
| 85:45 | The Bear Jew · tribute_sent a jugador 2 |
| 85:45 | The Bear Jew · tribute_sent a jugador 3 |
| 85:45 | The Bear Jew · tribute_sent a jugador 4 |
| 85:45 | The Bear Jew · tribute_sent a jugador 5 |
| 87:42 | roygbiv · wall_segment Stone Wall x7 |
| 88:13 | Goroez · wall_segment Stone Wall x12 |
| 90:20 | roygbiv · wall_segment Stone Wall x7 |
| 92:52 | roygbiv · wall_segment Stone Wall x2 |
| 95:24 | RyanPoulsgaard · wall_segment Stone Wall x7 |
| 95:29 | RyanPoulsgaard · wall_segment Stone Wall x4 |
| 95:33 | RyanPoulsgaard · wall_segment Stone Wall x3 |
| 97:18 | RyanPoulsgaard · wall_segment Stone Wall x2 |
| 97:38 | RyanPoulsgaard · wall_segment Stone Wall x2 |
| 97:45 | RyanPoulsgaard · wall_segment Stone Wall x3 |
| 99:01 | The Bear Jew · tribute_sent a jugador 1 |
| 99:01 | The Bear Jew · tribute_sent a jugador 2 |
| 99:01 | The Bear Jew · tribute_sent a jugador 3 |
| 99:01 | The Bear Jew · tribute_sent a jugador 4 |
| 99:01 | The Bear Jew · tribute_sent a jugador 5 |
| 101:13 | Basado Basadez · first_market_sell 500 food |
| 101:45 | RyanPoulsgaard · wall_segment Stone Wall x4 |
| 106:46 | RyanPoulsgaard · tribute_sent a jugador 1 |
| 106:46 | RyanPoulsgaard · tribute_sent a jugador 2 |
| 106:46 | RyanPoulsgaard · tribute_sent a jugador 3 |
| 106:46 | RyanPoulsgaard · tribute_sent a jugador 4 |
| 106:46 | RyanPoulsgaard · tribute_sent a jugador 6 |
| 107:03 | The Bear Jew · first_building Stable |
| 107:58 | The Bear Jew · tribute_sent a jugador 1 |
| 107:58 | The Bear Jew · tribute_sent a jugador 2 |
| 107:58 | The Bear Jew · tribute_sent a jugador 3 |
| 107:58 | The Bear Jew · tribute_sent a jugador 4 |
| 107:58 | The Bear Jew · tribute_sent a jugador 5 |
| 112:39 | Basado Basadez · resign |
| 114:11 | RyanPoulsgaard · wall_segment Palisade Wall x7 |
| 114:18 | RyanPoulsgaard · wall_segment Stone Wall x10 |
[ AI ANALYSIS · 1 CREDIT ]
What really happened in this match?
Wolo.gg analyzes every decision: build order, eco, micro, common mistakes by bracket. Personalized analysis on WhatsApp or Discord in 30 seconds.
Civ guide
Bohemians
Perfil
Jugador #397570